 Dungeon Crawl Stone Soup version 0.29-a0-322-g68df515428 (webtiles) character file.

Game seed: 298018963752672551

198638 Morbidden the Severer (level 18, -5/163 HPs)
             Began as a Minotaur Fighter on Apr 7, 2022.
             Was the Champion of Cheibriados.
             Succumbed to a naga ritualist's splash of poison
             ... on level 2 of the Snake Pit.
             The game lasted 00:55:43 (37112 turns).

Morbidden the Severer (Minotaur Fighter)           Turns: 37112, Time: 00:55:43

Health: -5/163     AC: 29    Str: 38    XL:     18   Next: 22%
Magic:  11/36      EV: 19    Int: 26    God:    Cheibriados [******]
Gold:   501        SH: 11    Dex: 25    Spells: 16/31 levels left

rFire   + + .      SeeInvis .   b - +9 mace "Qefudepluamp" {vamp, *Noise rPois rF++ rC+}
rCold   + . .      Faith    .   z - +3 warlock's mirror {reflect}
rNeg    . . .      Spirit   +   S - +0 crystal plate armour
rPois   .          Reflect  +   (helmet restricted)
rElec   .          Harm     .   g - +0 cloak
rCorr   .          Rampage  .   K - +1 pair of gloves
Will    +....                   f - +2 pair of boots
Stlth   ..........              L - amulet of guardian spirit
HPRegen 0.37/turn               G - ring of magical power
MPRegen 0.25/turn               x - +4 ring of evasion

@: lethally poisoned (-5 -> -25), weakened, poison vulnerable, slowed, studying
Fire Magic, very slow
A: horns 2, retaliatory headbutt
a: Renounce Religion, Bend Time, Temporal Distortion, Slouch, Step From Time


You were on level 2 of the Snake Pit.
You worshipped Cheibriados.
Cheibriados was exalted by your worship.
You visited 5 branches of the dungeon, and saw 28 of its levels.
You visited 1 bazaar.
You also visited: Gauntlet and Ice Cave.

You collected 2950 gold pieces.
You spent 2449 gold pieces at shops.

Inventory:

Hand Weapons
 a - a +1 war axe of flaming
 b - the +9 mace "Qefudepluamp" (weapon) {vamp, *Noise rPois rF++ rC+}
   (You took it off a centaur on level 7 of the Dungeon)

   It occasionally heals its wielder for a portion of the damage dealt when it
   wounds a living foe.
   rF:        It greatly protects you from fire.
   rC:        It protects you from cold.
   rPois:     It protects you from poison.
   *Noise:    It may make noises in combat.
Missiles
 d - 7 silver javelins
 s - 32 boomerangs (quivered)
 B - 7 throwing nets
 O - 14 javelins
Armour
 c - a +1 kite shield of reflection
 f - a +2 pair of boots (worn)
 g - a +0 cloak (worn)
 z - the +3 warlock's mirror (worn) {reflect}
   (You acquired it in an ice cave)

   It can block and reflect piercing ranged attacks and magical attacks against
   the wielder's willpower.
 K - a +1 pair of gloves (worn)
 S - a +0 crystal plate armour (worn)
 U - +0 fire dragon scales
Jewellery
 o - a ring of see invisible
 x - a +4 ring of evasion (right hand)
 G - a ring of magical power (left hand)
 L - an amulet of guardian spirit (around neck)
 Q - a ring of protection from cold
 R - the amulet of Waopo {RegenMP Stlth+}
   (You found it in a Gauntlet)

   [amulet of magic regeneration]

   It increases your rate of magic regeneration.
   Stlth:     It makes you more stealthy.
 T - a ring of fire
Wands
 j - a wand of flame (74)
 p - a wand of digging (6)
 t - a wand of acid (13)
 y - a wand of mindburst (10)
 E - a wand of charming (3)
 F - a wand of paralysis (14)
 N - a wand of iceblast (7)
 Z - a wand of polymorph (4)
Scrolls
 e - a scroll of silence
 h - 26 scrolls of identify
 l - 3 scrolls of blinking
 m - 6 scrolls of teleportation
 q - a scroll of magic mapping
 r - 7 scrolls of amnesia
 w - 2 scrolls of brand weapon
 A - 4 scrolls of fear
 I - 4 scrolls of enchant weapon
 J - 7 scrolls of fog
 P - 3 scrolls of enchant armour
Potions
 i - 8 potions of flight
 k - 8 potions of heal wounds
 n - 17 potions of curing
 u - 7 potions of mutation
 v - 5 potions of attraction {unknown}
 C - a potion of invisibility {unknown}
 D - 3 potions of cancellation {unknown}
 H - 3 potions of magic
 M - 3 potions of haste {unknown}
 V - a potion of ambrosia {unknown}
 W - 3 potions of might
 Y - a potion of resistance
Miscellaneous
 X - a phantom mirror


   Skills:
 * Level 15.0 Fighting
 + Level 15.0(16.5) Axes
 * Level 11.8(15.0) Maces & Flails
 + Level 2.3 Throwing
 + Level 12.8 Armour
 * Level 11.2 Dodging
 + Level 3.1 Stealth
 * Level 10.3 Shields
 * Level 7.2 Spellcasting
 * Level 7.3 Conjurations
 * Level 2.1 Translocations
 * Level 7.8 Fire Magic
 * Level 9.8 Invocations
 + Level 0.8 Evocations


You had 16 spell levels left.
You knew the following spells:

 Your Spells              Type           Power      Damage    Failure   Level
a - Scorch                Fire           100%       2d10      4%          2
b - Flame Wave            Conj/Fire      48%        2d10      34%         4
c - Fireball              Conj/Fire      24%        3d11      69%         5
d - Iskenderun's Mystic   Conj/Tloc      34%        2d8       75%         4

Your spell library contained the following spells:

 Spells                   Type           Power      Damage    Failure   Level
 Static Discharge         Conj/Air       28%        N/A       26%         2
 Apportation              Tloc           40%        N/A       32%         1
 Blink                    Tloc           40%        N/A       45%         2
 Dazzling Flash           Conj/Hex       56%        N/A       47%         3
 Stone Arrow              Conj/Erth      56%        3d10      47%         3
 Animate Skeleton         Necr           18%        N/A       63%         1
 Pain                     Necr           36%        1d5       63%         1
 Sandblast                Erth           18%        2d7       63%         1
 Sting                    Tmut/Pois      36%        1d4       63%         1
 Summon Small Mammal      Summ           36%        N/A       63%         1
 Iskenderun's Battlesphe  Conj           47%        2d10      73%         5
 Passwall                 Tmut/Erth      7%         N/A       77%         2
 Poisonous Vapours        Pois/Air       18%        N/A       77%         2
 Portal Projectile        Hex/Tloc       30%        N/A       83%         3
 Call Canine Familiar     Summ           9%         N/A       94%         3
 Summon Guardian Golem    Hex/Summ       9%         N/A       94%         3
 Tukima's Dance           Hex            9%         N/A       94%         3
 Vampiric Draining        Necr           9%         2d6       94%         3
 Passage of Golubria      Tloc           20%        N/A       97%         4
 Lightning Bolt           Conj/Air       14%        1d27      99%         5
 Starburst                Conj/Fire      24%        6d8       99%         6
 Anguish                  Hex/Necr       4%         N/A       100%        4
 Leda's Liquefaction      Hex/Erth       4%         N/A       100%        4
 Olgreb's Toxic Radiance  Pois           9%         N/A       100%        4
 Alistair's Intoxication  Tmut/Pois      6%         N/A       100%        5
 Freezing Cloud           Conj/Ice/Air   11%        6-21      100%        5
 Manifold Assault         Tloc           20%        N/A       100%        5
 Silence                  Hex/Air        4%         N/A       100%        5
 Summon Forest            Summ/Tloc      7%         N/A       100%        5
 Summon Mana Viper        Hex/Summ       9%         N/A       100%        5
 Conjure Ball Lightning   Conj/Air       14%        3x3d6     100%        6
 Simulacrum               Ice/Necr       4%         N/A       100%        6
 Summon Cactus Giant      Summ           4%         N/A       100%        6
 Enfeeble                 Hex            4%         N/A       100%        7
 Orb of Destruction       Conj           23%        9d8       100%        7
 Storm Form               Tmut/Air       4%         N/A       100%        7
 Lehudib's Crystal Spear  Conj/Erth      14%        10d5      100%        8
 Maxwell's Capacitive Co  Air            4%         ∞         100%        8
 Polar Vortex             Ice            4%         N/A       100%        9


Dungeon Overview and Level Annotations

Branches:
Dungeon (15/15)            Temple (1/1) D:5            Lair (6/6) D:8
 Shoals (0/4) Lair:3        Snake (4/4) Lair:3        Slime (0/5) Lair:6
    Orc (2/2) D:10            Elf (0/3) Orc:2        Vaults (0/5) D:13
 Depths (0/4) D:15          IceCv (visited)         Gauntlet (visited)

Altars:
Cheibriados
Dithmenos
Elyvilon
Fedhas
Gozag
Hepliaklqana
Kikubaaqudgha
Makhleb
Nemelex Xobeh
Okawaru
Ru
Sif Muna
Trog
Uskayaw
Vehumet
Wu Jian
Xom
Yredelemnul
Zin
The Shining One
Beogh
Jiyva

Shops:
D:1 !   D:3 (   D:5 (   D:10 ([   D:12 (((   D:14 ?   D:15 [?   Orc:1 :
Orc:2 ?:*[

Annotations:
Lair:6 1 runed translucent door


Innate Abilities, Weirdness & Mutations

You have a pair of horns on your head.
You reflexively headbutt those who attack you in melee.


Message History

b - the +9 mace "Qefudepluamp" (weapon)
{vamp, *Noise rPois rF++ rC+}
* * * LOW HITPOINT WARNING * * *
You feel very sick.
* * * LOW HITPOINT WARNING * * *
You are more poisoned.
Unknown command.
Unknown command.
You hit the salamander tyrant but do no damage.
Your headbutt misses the salamander tyrant.
The salamander tyrant is moderately wounded.
* * * LOW HITPOINT WARNING * * *
You feel very sick.
* * * LOW HITPOINT WARNING * * *
You are more poisoned.
You block the naga ritualist's attack. The naga ritualist grabs you.
The naga ritualist constricts you.
Cornered, the salamander turns to fight!
The salamander tyrant gazes fiercely through you!
You feel as though you will be weak longer.
The salamander tyrant hits you but does no damage.
The salamander wields a +0 shortbow of flaming.
It bursts into flame!
The salamander shoots an arrow.
You reflect the arrow off your +3 warlock's mirror {reflect}!
The arrow hits the salamander!
The naga ritualist spits poison at you.
The splash of poison hits you but does no damage.
You are more poisoned.
The naga ritualist constricts you.
Blink to where?
Press: ? - help, Dir - move target You escape the naga ritualist's grasp.
As you read the scroll of blinking, it crumbles to dust.
* * * LOW HITPOINT WARNING * * *
You feel extremely sick.
* * * LOW HITPOINT WARNING * * *
You feel extremely sick.
The salamander tyrant gazes fiercely through something!
You feel as though you will be weak longer.
You climb upwards.
You die...

.### #....# ...### ####)#
.....# #.###### .....#
#......##
.....################....###
.............##.....#......#
........#.............##...###
.............................#
..###...#.......@.........####
....#.........####.......##
#.:................#.....#
..##.......#########.....#
...........# ######..#####
.........### #...#..##
...........###.....##
..#[...#...#......##
..####.#.....######


There were no monsters in sight!

Vanquished Creatures
  Saint Roka (Snake:2)
  Vashnia (Snake:2)
  Frances (D:13)
  3 nagarajas
  Donald (Orc:2)
  A minotaur (Gauntlet)
  The ghost of Morbidden the Grappler, a journeyman TrWr of Cheibriados (D:10)
  Harold (D:9)
  11 naga warriors
  Erolcha (Orc:1)
  Fannar (D:10)
  13 anacondas
  3 boulder beetles
  An ogre mage (D:15)
  8 hydras
  2 catoblepae
  3 centaur warriors
  A death knight (D:12)
  7 two-headed ogres
  A deep troll shaman (Lair:6)
  10 death yaks
  An orc high priest (Orc:2)
  3 shock serpents
  6 naga sharpshooters
  3 salamander mystics
  2 bog bodies (IceCv)
  A wizard (D:14)
  A lindwurm (shapeshifter) (D:14)
  2 lindwurms
  2 necromancers
  2 deep elf pyromancers
  A deep elf zephyrmancer (D:15)
  10 orc knights
  7 mana vipers
  2 phantasmal warriors
  6 ugly things
  5 manticores
  7 orc sorcerers
  8 salamanders
  3 cyclopes
  Maurice (Orc:1)
  17 elephants
  33 black mambas
  16 naga magi
  2 centaur zombies (D:15)
  Maggie (D:6)
  A black mamba (shapeshifter) (D:15)
  2 centaur skeletons (D:15)
  An ice statue (IceCv)
  13 cane toads
  6 guardian serpents
  2 unseen horrors (shapeshifter)
  An unseen horror (D:13)
  13 komodo dragons
  3 rime drakes
  An efreet (D:15)
  2 freezing wraiths
  4 anaconda simulacra (IceCv)
  2 polar bears (Lair:2)
  4 hornets
  11 trolls
  9 slime creatures
  21 blink frogs
  12 dream sheep
  Sigmund (D:6)
  A snapping turtle (Lair:3)
  A shadow (D:13)
  A centaur simulacrum (D:15)
  A ynoxinul (Gauntlet)
  2 spriggans
  5 wraiths
  5 basilisks
  8 wyverns
  A dire elephant simulacrum (IceCv)
  43 yaks
  Eustachio (D:6)
  3 steam dragons
  17 wargs
  4 death yak simulacra (IceCv)
  11 vampire mosquitoes
  2 swamp worms (Gauntlet)
  39 nagas
  5 acid dragons
  18 water moccasins
  Duvessa (D:5)
  5 black bears
  40 orc warriors
  3 ice beasts
  3 boggarts (D:15)
  15 ogres
  28 wolves
  13 centaurs
  4 kobold brigands
  2 necrophages
  3 gnoll sergeants
  3 scorpions
  10 bullfrogs
  7 two-headed ogre simulacra (IceCv)
  5 cane toad simulacra (IceCv)
  A wight (D:8)
  Dowan (D:5)
  3 killer bees (D:7)
  An elephant simulacrum (IceCv)
  4 howler monkeys
  An electric eel (D:8)
  5 hounds
  2 iron imps (Gauntlet)
  A jelly (D:7)
  A gnoll shaman (D:6)
  16 orc priests
  Jessica (D:2)
  Terence (D:2)
  3 iguanas
  3 spriggan simulacra (IceCv)
  21 orc wizards
  A polar bear simulacrum (IceCv)
  6 troll simulacra (IceCv)
  A wolf simulacrum (IceCv)
  12 gnolls
  8 naga simulacra (IceCv)
  12 adders
  A shadow imp (D:7)
  5 white imps
  3 ufetubi (IceCv)
  A worm (D:3)
  A dart slug (D:2)
  82 orcs
  7 ball pythons
  6 bats
  7 endoplasms
  A giant cockroach (D:3)
  12 goblins
  18 hobgoblins
  6 quokkas
  10 frilled lizards
  25 kobolds
  7 rats
930 creatures vanquished.

Vanquished Creatures (collateral kills)
  Jorgrun (Orc:1)
  A boulder beetle (Lair:4)
2 creatures vanquished.

Vanquished Creatures (others)
  A salamander (Snake:2)
  2 naga magi
  An orc (Orc:2)
  A kobold (D:10)
  A bush (Lair:5)
  5 demonic plants (Gauntlet)
  48 fungi
  111 plants
170 creatures vanquished.

Grand Total: 1102 creatures vanquished

Notes
Turn   | Place    | Note
-------+----------+-------------------------------------------
     0 | D:1      | Morbidden the Minotaur Fighter began the quest for the Orb.
     0 | D:1      | Reached XP level 1. HP: 19/19 MP: 0/0
   268 | D:1      | Reached XP level 2. HP: 27/27 MP: 1/1
   488 | D:1      | Found Butin's Distillery.
   804 | D:2      | Reached XP level 3. HP: 34/34 MP: 2/2
  1061 | D:2      | Noticed Terence
  1070 | D:2      | Killed Terence
  1071 | D:2      | Reached skill level 1 in Dodging
  1071 | D:2      | Reached XP level 4. HP: 11/41 MP: 3/3
  1341 | D:2      | Noticed Jessica
  1357 | D:2      | Killed Jessica
  1680 | D:2      | Found a faded altar of an unknown god.
  1772 | D:3      | Found Juothro's Antique Weapon Shoppe.
  1785 | D:3      | Reached XP level 5. HP: 43/47 MP: 5/5
  2629 | D:4      | Reached skill level 5 in Axes
  2629 | D:4      | Reached skill level 1 in Spellcasting
  2629 | D:4      | Reached XP level 6. HP: 55/55 MP: 6/6
  2643 | D:4      | Reached skill level 5 in Fighting
  2962 | D:4      | Reached skill level 5 in Armour
  2962 | D:4      | Reached XP level 7. HP: 33/61 MP: 6/8
  3419 | D:4      | Learned a level 5 spell: Fireball
  3725 | D:5      | Entered Level 5 of the Dungeon
  3732 | D:5      | Found Xeleal's Weapon Emporium.
  3750 | D:5      | Noticed Duvessa
  3751 | D:5      | Noticed Dowan
  3760 | D:5      | Killed Duvessa
  3765 | D:5      | Killed Dowan
  3954 | D:5      | Found a staircase to the Ecumenical Temple.
  4080 | Temple   | Entered the Ecumenical Temple
  4094 | Temple   | Became a worshipper of Cheibriados the Contemplative
  4412 | D:5      | You fall into a shaft and drop 1 floor!
  4492 | D:5      | Reached skill level 1 in Fire Magic
  4711 | D:6      | Noticed a wraith
  4720 | D:6      | Reached skill level 1 in Invocations
  4720 | D:6      | Reached XP level 8. HP: 58/69 MP: 10/10
  4824 | D:6      | Reached skill level 1 in Conjurations
  4841 | D:6      | Reached * piety under Cheibriados
  4845 | D:6      | Reached skill level 1 in Throwing
  5263 | D:6      | Noticed Eustachio
  5285 | D:6      | Killed Eustachio
  5427 | D:6      | Found a hide-covered altar of Uskayaw.
  5447 | D:6      | HP: 3/70 [steam dragon (2)]
  5890 | D:6      | Noticed Sigmund
  5893 | D:6      | Noticed Maggie
  5908 | D:6      | Killed Sigmund
  5909 | D:6      | Reached XP level 9. HP: 48/75 MP: 11/11
  5919 | D:6      | Killed Maggie
  5920 | D:6      | Reached skill level 1 in Stealth
  6212 | D:7      | Identified the +9 mace "Qefudepluamp" {vamp, *Noise rPois
                  | rF++ rC+}
  6757 | D:7      | Reached ** piety under Cheibriados
  8197 | D:8      | Found a blossoming altar of Fedhas.
  8214 | D:8      | Reached skill level 1 in Maces & Flails
  8299 | D:8      | Reached XP level 10. HP: 84/84 MP: 13/13
  8302 | D:8      | Reached skill level 5 in Dodging
  8488 | D:8      | Reached *** piety under Cheibriados
  8919 | D:8      | Reached **** piety under Cheibriados
  9267 | D:8      | Found a staircase to the Lair.
  9866 | Lair:1   | Entered Level 1 of the Lair of Beasts
  9866 | Lair:1   | Noticed a black mamba
  9871 | Lair:1   | Killed a black mamba
  9931 | Lair:1   | Noticed a five-headed hydra
  9943 | Lair:1   | Killed a five-headed hydra
  9944 | Lair:1   | Reached skill level 5 in Shields
 10242 | Lair:1   | Reached XP level 11. HP: 94/94 MP: 15/15
 10313 | Lair:1   | Reached skill level 5 in Maces & Flails
 10718 | Lair:1   | Identified the +6 dagger of Morbidden's Execution {venom,
                  | Drain Fly rElec}
 11055 | Lair:1   | Reached skill level 5 in Invocations
 11620 | Lair:2   | Reached ***** piety under Cheibriados
 12598 | Lair:3   | Reached XP level 12. HP: 92/103 MP: 17/17
 12691 | Lair:3   | Found a gate leading to a gauntlet.
 12696 | Lair:3   | Reached skill level 10 in Axes
 12709 | Gauntlet | Entered a Gauntlet
 12709 | Gauntlet | Found a transporter.
 12709 | Gauntlet | Found a transporter.
 12709 | Gauntlet | Found a transporter.
 12758 | Gauntlet | Noticed an entropy weaver
 12941 | Gauntlet | Found a transporter.
 12943 | Gauntlet | Found a transporter.
 12949 | Gauntlet | Noticed a death yak
 12950 | Gauntlet | Noticed a death yak
 12950 | Gauntlet | Noticed a death yak
 12950 | Gauntlet | Noticed a death yak
 12954 | Gauntlet | Noticed a death yak
 12957 | Gauntlet | Found a transporter.
 12978 | Gauntlet | Found a transporter.
 12983 | Gauntlet | Found a transporter.
 13044 | Gauntlet | Found a transporter.
 13054 | Gauntlet | Found a transporter.
 13069 | Gauntlet | Found a transporter.
 13079 | Gauntlet | Found a transporter.
 13684 | Gauntlet | Identified the amulet of Waopo {RegenMP Stlth+}
 13756 | Gauntlet | Noticed a minotaur
 13770 | Gauntlet | Killed a minotaur
 14232 | Lair:3   | You fall into a shaft and drop 1 floor!
 14345 | Lair:4   | Noticed a death yak
 14351 | Lair:4   | Noticed a death yak
 14352 | Lair:4   | Noticed a death yak
 14408 | Lair:4   | Noticed a four-headed hydra
 14416 | Lair:4   | Killed a one-headed hydra
 14623 | Lair:3   | Found a staircase to the Snake Pit.
 14881 | Lair:3   | Found a staircase to the Shoals.
 15251 | Lair:4   | Reached skill level 5 in Fire Magic
 15567 | Lair:4   | Killed a death yak
 15585 | Lair:4   | Killed a death yak
 15590 | Lair:4   | Killed a death yak
 16102 | Lair:4   | Noticed a boulder beetle
 16110 | Lair:4   | Killed a boulder beetle
 16190 | Lair:5   | Noticed a seven-headed hydra
 16198 | Lair:5   | Killed a five-headed hydra
 16199 | Lair:5   | Reached skill level 5 in Spellcasting
 16199 | Lair:5   | Reached XP level 13. HP: 88/112 MP: 19/19
 16360 | Lair:5   | Reached skill level 10 in Armour
 16434 | Lair:5   | Reached skill level 5 in Conjurations
 17198 | Lair:5   | Reached skill level 10 in Fighting
 17657 | Lair:5   | Found a shadowy altar of Dithmenos.
 18632 | D:1      | Bought a potion of experience for 600 gold pieces
 18632 | D:1      | Bought a potion of experience for 600 gold pieces
 18632 | D:1      | Bought a potion of heal wounds for 60 gold pieces
 18632 | D:1      | Reached XP level 14. HP: 121/121 MP: 20/20
 18633 | D:1      | Reached XP level 15. HP: 134/134 MP: 21/21
 18932 | Lair:6   | Entered Level 6 of the Lair of Beasts
 19100 | Lair:6   | Reached ****** piety under Cheibriados
 19341 | Lair:6   | Found a runed translucent door.
 19353 | Lair:6   | Found a viscous altar of Jiyva.
 19356 | Lair:6   | Found a staircase to the Slime Pits.
 20286 | D:9      | Noticed Harold
 20296 | D:9      | Killed Harold
 20524 | D:9      | Reached XP level 16. HP: 143/143 MP: 23/23
 20817 | D:9      | Found a bloodstained altar of Trog.
 20818 | D:9      | Found a burning altar of Makhleb.
 20818 | D:9      | Found a shimmering blue altar of Sif Muna.
 20819 | D:9      | Found a radiant altar of Vehumet.
 21097 | D:10     | Entered Level 10 of the Dungeon
 21097 | D:10     | Found a staircase to the Orcish Mines.
 21097 | D:10     | Found Judwust's Armour Boutique.
 21097 | D:10     | Found Dagojiy's Weapon Boutique.
 21401 | D:10     | Found a runed translucent door.
 21402 | D:10     | Noticed Morbidden's ghost (journeyman TrWr)
 21417 | D:10     | Noticed Fannar
 21431 | D:10     | Killed Fannar
 21816 | D:10     | Killed Morbidden's ghost
 23116 | D:12     | Learned a level 2 spell: Scorch
 23121 | D:12     | Learned a level 4 spell: Flame Wave
 23377 | D:12     | Found Muwkul's Antique Weapon Boutique.
 23448 | D:12     | Found Seur's Antique Weapon Shop.
 23965 | D:12     | Found Lutyus's Weapon Shoppe.
 24259 | D:13     | Noticed Frances
 24276 | D:13     | Killed Frances
 24626 | D:13     | Reached skill level 10 in Maces & Flails
 24984 | D:13     | Found a gate to the Vaults.
 25981 | D:14     | Found Refutwan's Magic Scroll Shop.
 26051 | D:15     | Entered Level 15 of the Dungeon
 26075 | D:15     | Found Asef Feuqen's Magic Scroll Boutique.
 26154 | D:15     | Found Ijoodaoga's Armour Boutique.
 26180 | D:15     | Found a flickering gateway to a bazaar.
 26205 | Bazaar   | Entered a bazaar
 26213 | Bazaar   | Found Kihas's Jewellery Shop.
 26213 | Bazaar   | Found Lodeiqud's Antique Armour Shop.
 26498 | D:15     | Paralysed by an orc sorcerer for 4 turns
 26553 | D:15     | Found a staircase to the Depths.
 26676 | D:15     | Found a white marble altar of Elyvilon.
 26844 | D:15     | Bought a +1 kite shield of reflection for 229 gold pieces
 27243 | Orc:1    | Entered Level 1 of the Orcish Mines
 27245 | Orc:1    | Noticed Erolcha
 27371 | Orc:1    | Killed Erolcha
 27413 | Orc:1    | Found Faripon's Self-Improvement Boutique.
 27471 | Orc:1    | Noticed Maurice
 27477 | Orc:1    | Killed Maurice
 27482 | Orc:1    | Noticed Jorgrun
 27495 | Orc:1    | Killed Jorgrun
 27629 | Orc:1    | You fall into a shaft and drop 1 floor!
 27629 | Orc:2    | Entered Level 2 of the Orcish Mines
 27629 | Orc:2    | Found a frozen archway.
 27646 | IceCv    | Entered an ice cave
 27985 | IceCv    | Reached skill level 10 in Dodging
 28483 | IceCv    | Identified a scroll of acquirement
 28484 | IceCv    | Acquired the +3 warlock's mirror {reflect}
 28484 | IceCv    | Found the +3 warlock's mirror {reflect}
 28587 | Orc:2    | Noticed Donald
 28594 | Orc:2    | Reached XP level 17. HP: 130/152 MP: 21/25
 28615 | Orc:2    | Killed Donald
 29706 | Orc:2    | Found Awke's General Store.
 29706 | Orc:2    | Found Jumiacro's Armour Boutique.
 30214 | Orc:2    | Found a staircase to the Elven Halls.
 30278 | Orc:2    | Found Nomyop's Book Boutique.
 30278 | Orc:2    | Found Siokhlacea's Magic Scroll Shoppe.
 30489 | Snake:1  | Entered Level 1 of the Snake Pit
 31445 | Snake:1  | Reached skill level 15 in Axes
 31884 | Snake:1  | Learned a level 4 spell: Iskenderun's Mystic Blast
 32545 | Snake:2  | Noticed Vashnia
 33005 | Snake:1  | Reached skill level 1 in Translocations
 33292 | Snake:2  | Killed Vashnia
 33567 | Orc:1    | Bought a manual of Fire Magic for 960 gold pieces
 34072 | Snake:3  | Noticed Saint Roka
 34099 | Snake:2  | Killed Saint Roka
 36033 | Snake:3  | Reached XP level 18. HP: 147/162 MP: 25/27
 36045 | Snake:3  | Reached skill level 10 in Shields
 36519 | Snake:3  | Reached skill level 15 in Fighting
 36941 | Snake:4  | Entered Level 4 of the Snake Pit
 37111 | Snake:3  | HP: 2/163 [poisoned by a naga ritualist (splash of poison)]
 37112 | Snake:2  | Succumbed to a naga ritualist's splash of poison

Illustrated notes

Levels and vault maps discovered:
D:1:      psy_arrival_basics, layout_loops_ring, serial_shops, shop
D:2:      layout_rooms, nicolae_ecumenical_oubliette, minmay_lizard_king,
          uniq_terence, uniq_jessica
D:3:      layout_rooms, serial_shops, nicolae_shop_statue_plus,
          minmay_fractal_squares_5
D:4:      layout_basic, serial_bayou_lagoon_a
D:5:      layout_cave_pools, minmay_temple_entry_arrows, serial_shops,
          nicolae_shop_stone, hangedman_decor_slide_cut,
          kennysheep_generic_room_13, uniq_duvessa
D:6:      layout_basic, mainiacjoe_overflow_alcove_2, uniq_eustachio,
          uniq_maggie, uniq_sigmund
D:7:      layout_layer_cave
D:8:      kennysheep_housing_project, layout_basic, lemuel_crystal_altar,
          minmay_lair_entry_grove, minivault_10, fountainhead,
          eino_tiny_chamber, grunt_tough_drop
D:9:      layout_stronghold, chequers_temple_overflow_statue_of_worship,
          uniq_harold
D:10:     layout_cave_pools, orc_david_3, serial_column_ruins,
          column_ruins_courtyard_long, column_ruins_grid_1,
          column_ruins_columns_straight, column_ruins_open_medium,
          column_ruins_grid_1, column_ruins_open_tiny,
          ebering_ghost_reflecting_pool, minivault_5, uniq_fannar
D:11:     layout_loops_ring, minmay_misc_feat_doors
D:12:     layout_long_grid, serial_shops, nicolae_shop_hallway_plus,
          nicolae_shop_stone, nicolae_stop_n_shop_2
D:13:     layout_basic, david_vaults_1, small_statue_intersection,
          kennysheep_just_a_vault, uniq_frances
D:14:     layout_irregular_city, nicolae_stop_n_shop_2
D:15:     grunt_enter_depths_magical_seal, layout_cave_pools, serial_shops,
          bzr_in_the_mist, shop, shop, elyvilon_altar_4
Temple:   nicolae_temple_x_marks_the_god
Lair:1:   layout_layer_cave
Lair:2:   layout_gridlike, forest_entry_grove, grunt_megastairs_4
Lair:3:   layout_regular_city, minmay_shoals_entry_hut, dummy_snake_entry,
          gauntlet_entry_generic, grunt_megastairs_1
Lair:4:   layout_hall_layers, infiniplex_staircase_pool_2
Lair:5:   layout_layer_cave, basic_altar, wad_woods_03
Lair:6:   grunt_lair_end_beastmaster, layout_regular_city, slime_altar_2,
          chequers_serial_rivers_room_b, minivault_11, serial_bayou_shore_b
Snake:1:  layout_honeycomb
Snake:2:  layout_misc_corridors, uniq_vashnia
Snake:3:  layout_onion, st_stairs_5, hangedman_snake_sidewinding,
          grunt_megastairs_3, uniq_saint_roka
Snake:4:  snake_pit, layout_misc_corridors, st_stairs_4, grunt_ministairs_14,
          uniq_aizul
Orc:1:    cheibrodos_orc_guarddog, layout_caves, nicolae_shop_self_help,
          uniq_erolcha, uniq_maurice, uniq_jorgrun
Orc:2:    st_orc_town, layout_caves, portal_ice_cave_entry_pillars_1,
          uniq_donald

Skill      XL: |  1  2  3  4  5  6  7  8  9 10 11 12 13 14 15 16 17 18 |
---------------+-------------------------------------------------------+-----
Fighting       | 4 5 6 7 8 9 10 12 13 14 15 | 15.0
Axes           | 3 4 5 6 8 9 10 13 14 15 | 15.0
Armour         | 4 5 6 7 9 10 11 12 | 12.8
Dodging        | 1 2 3 4 5 7 8 9 10 11 | 11.2
Shields        | 4 5 6 7 8 9 10 | 10.3
Spellcasting   | 1 2 3 4 5 6 7 |  7.2
Fire Magic     | 1 2 3 4 5 6 7 |  7.8
Invocations    | 1 2 3 4 5 6 7 8 9 |  9.8
Conjurations   | 2 3 4 5 6 7 |  7.3
Throwing       | 1 2 |  2.3
Stealth        | 1 2 3 |  3.1
Maces & Flails | 2 4 6 7 8 9 10 11 | 11.8
Translocations | 1 2 |  2.1
Evocations     | |  0.8

Action                   |  1- 3 |  4- 6 |  7- 9 | 10-12 | 13-15 | 16-18 || total
-------------------------+-------+-------+-------+-------+-------+-------++-------
Melee: War axe           |    60 |   137 |   138 |    38 |    27 |     5 ||   405
       Headbutt          |     6 |    20 |    24 |   119 |   151 |   480 ||   800
       Mace              |       |       |    54 |   450 |   374 |  1585 ||  2463
Throw: Boomerang         |       |       |    19 |    16 |    28 |    29 ||    92
 Cast: Scorch            |       |       |       |       |       |    35 ||    35
Invok: Slouch            |       |       |       |     4 |       |    13 ||    17
Evoke: Wand              |       |     1 |    16 |     2 |       |     8 ||    27
       Phantom mirror    |       |       |       |       |       |     3 ||     3
  Use: Potion            |     1 |       |     4 |     1 |     2 |       ||     8
       Scroll            |       |       |     9 |    13 |       |     9 ||    31
 Stab: Paralysed         |       |       |    12 |       |       |     4 ||    16
       Petrified         |       |       |       |       |     6 |       ||     6
       Petrifying        |       |       |       |       |     1 |       ||     1
       Distracted        |       |       |       |       |       |     1 ||     1
Armor: Scale mail        |    35 |    77 |     8 |       |       |       ||   120
       Chain mail        |       |       |   138 |    73 |       |       ||   211
       Plate armour      |       |       |       |   208 |   168 |   296 ||   672
       Crystal plate arm |       |       |       |       |       |   412 ||   412
Dodge: Dodged            |    34 |    73 |   110 |   323 |   245 |  1356 ||  2141
Block: Buckler           |    15 |    50 |    62 |   187 |   138 |   896 ||  1348
       Kite shield       |       |       |       |       |       |    73 ||    73
       Reflection        |       |       |       |       |       |    94 ||    94

Table legend: (Time is in decaauts)
 A = Elapsed time spent in this place.
 B = Non-inter-level travel time spent in this place.
 C = Inter-level travel time spent in this place.
 D = Time resting spent in this place.
 E = Time spent auto-exploring this place.
 F = Levels seen in this place.
 G = Mean time per level.
                   A        B        C        D        E       F      G
               +--------+--------+--------+--------+--------+-----+--------+
         Total |  52595 |  47901 |   4694 |   5795 |  34380 |  31 | 1696.6 |
       Dungeon |  23993 |  21580 |   2413 |   1874 |  16607 |  15 | 1599.5 |
        Temple |     24 |     15 |      9 |      0 |      3 |   1 |   24.0 |
          Lair |  13937 |  12148 |   1789 |    595 |   9826 |   6 | 2322.8 |
     Snake Pit |   8223 |   7995 |    228 |   2598 |   4265 |   4 | 2055.8 |
  Orcish Mines |   3346 |   3092 |    254 |     23 |   2142 |   2 | 1673.0 |
        Bazaar |    155 |    155 |      0 |      0 |     72 |   1 |  155.0 |
      Ice Cave |   1265 |   1265 |      0 |     28 |    841 |   1 | 1265.0 |
      Gauntlet |   1649 |   1649 |      0 |    676 |    623 |   1 | 1649.0 |
               +--------+--------+--------+--------+--------+-----+--------+

Top non-repeatable levels by time:
  Lair:5: 3377 daAuts
 Snake:1: 3291 daAuts
     D:8: 2777 daAuts
  Lair:1: 2733 daAuts
 Snake:3: 2471 daAuts
 Snake:2: 2429 daAuts
    D:12: 2343 daAuts
     D:7: 2323 daAuts
     D:6: 2141 daAuts
   Orc:2: 2129 daAuts
  Lair:4: 2048 daAuts
  Lair:6: 1938 daAuts
  Lair:3: 1930 daAuts
  Lair:2: 1909 daAuts
     D:9: 1793 daAuts
